 Dungeon Crawl Stone Soup version 0.23.2-1-ga50397a (webtiles) character file.

Game seed: 9462730920986432176

1183 eccles the Conjurer (level 8, -2/56 HPs)
             Began as a Human Conjurer on Apr 29, 2019.
             Shot with an arrow by a centaur (8 damage)
             ... on level 5 of the Dungeon.
             The game lasted 00:40:43 (6242 turns).

eccles the Conjurer (Human Conjurer)                Turns: 6242, Time: 00:40:44

Health: -2/56      AC:  5    Str:  8    XL:     8   Next: 70%
Magic:  16/16      EV: 13    Int: 18    God:
Gold:   144        SH:  0    Dex: 14    Spells: 4/18 levels left

rFire    . . .     SeeInvis .   y - staff of conjuration
rCold    + . .     Gourm    .   (no shield)
rNeg     . . .     Faith    .   C - +0 leather armour {MR+}
rPois    .         Spirit   .   (no helmet)
rElec    .         Reflect  .   (no cloak)
rCorr    .         Harm     .   o - +0 pair of gloves
MR       +....                  i - +0 pair of boots
Stlth    ++........             (no amulet)
HPRegen  0.18/turn              u - ring of ice
MPRegen  0.15/turn              F - ring of protection from fire

@: no status effects
A: no striking features
a: no special abilities


You were on level 5 of the Dungeon.
You were not hungry.

You visited 1 branch of the dungeon, and saw 5 of its levels.

You collected 144 gold pieces.

Inventory:

Hand Weapons
 f - the +2 dagger "Orong" {drain, rN+}
   (You found it on level 4 of the Dungeon)

   A truly terrible weapon, it drains the life of those it strikes.
   It protects you from negative energy.
 l - a +0 mace
 w - a +0 club
Missiles
 d - 5 javelins (quivered)
 A - 5 tomahawks
Armour
 a - a +0 robe
 i - a +0 pair of boots (worn)
 o - a +0 pair of gloves (worn)
 r - a +0 leather armour
 v - a +0 helmet
 C - a +0 leather armour of magic resistance (worn)
 D - the +2 ring mail of Ahoshrud {rF+ rN+}
   (You found it on level 5 of the Dungeon)

   It protects you from fire.
   It protects you from negative energy.
Magical Staves
 y - an uncursed staff of conjuration (weapon)
Jewellery
 u - a ring of ice (left hand)
 F - a ring of protection from fire (right hand)
Wands
 B - a wand of acid (5)
Scrolls
 b - 2 scrolls of fog
 j - 2 scrolls of blinking
 n - 2 scrolls of remove curse
 p - a scroll of enchant weapon {unknown}
 q - a scroll of teleportation {unknown}
 t - 2 scrolls of magic mapping
 x - a scroll of amnesia {unknown}
 E - a scroll of random uselessness {unknown}
Potions
 e - a potion of magic {unknown}
 g - a potion of heal wounds {unknown}
 h - 2 potions of might
 k - 4 potions of lignification
 m - 2 potions of haste {unknown}
 s - 2 potions of mutation {unknown}
Comestibles
 c - 11 rations
 z - 6 chunks of flesh


   Skills:
 + Level 2.1 Fighting
 + Level 0.5 Maces & Flails
 + Level 1.4 Throwing
 + Level 2.4 Armour
 + Level 3.7 Dodging
 + Level 2.9 Stealth
 + Level 0.3 Unarmed Combat
 * Level 5.5 Spellcasting
 * Level 6.7 Conjurations


You had 4 spell levels left.
You knew the following spells:

 Your Spells              Type           Power        Failure   Level  Hunger
a - Magic Dart            Conj           ####         1%          1    None
b - Searing Ray           Conj           #####.       1%          2    #......
c - Dazzling Spray        Conj/Hex       ####..       13%         3    ##.....
d - Iskenderun's Mystic   Conj           #####...     11%         4    ####...
e - Force Lance           Conj/Tloc      ####....     41%         4    ####...

Your spell library contained the following spells:

 Spells                   Type           Power        Failure   Level  Hunger
 Fulminant Prism          Conj/Hex       ####......   41%         4    ####...


Dungeon Overview and Level Annotations

Branches:
Dungeon (5/15)
 Temple: D:4-7

Altars:

Shops:
D:5 [


Message History

* * * LOW HITPOINT WARNING * * *
There is an open door here.
There isn't anything here!
You close the door.
A centaur opens the door.
The centaur shoots an arrow.
The arrow hits you!
* * * LOW HITPOINT WARNING * * *
The arrow freezes you.
* * * LOW HITPOINT WARNING * * *
You see here an arrow.
The centaur shoots an arrow.
The arrow hits you but does no damage.
The centaur shoots an arrow.
The arrow completely misses you.
There is an open door here.
You see here an arrow.
The centaur shoots an arrow.
The arrow closely misses you.
You see here an arrow.
You close the door, pushing everything out of the way.
Okay, then.
A centaur opens the door.
The centaur shoots an arrow.
The arrow misses you.
The centaur shoots an arrow.
The arrow hits you!
You die...

#.....# #.......##.##.c##.##
###.### ##....(###.##.....##
#.# ##..c## #.##..##### #.#
##'## #..... # ###.# #(#
####.###### #(..# #.#
#....... #.### ##.##
#.###### #.# ##...## #.#
##.## #.@...# #.# ##.).##
##(..## #.# ##.....###
#.....######.#
#........######............#
##.....#............########
##...##########...## ####.##
##.## .# ### #.# .# #.#


You could see a centaur.

Vanquished Creatures
  Sigmund (D:5)
  A phantom (D:5)
  2 ogres
  A centaur (D:5)
  A bullfrog (D:4)
  A howler monkey (D:2)
  A bullfrog zombie (D:5)
  2 jellies (D:5)
  A gnoll shaman (D:4)
  An orc wizard (D:5)
  2 bullfrog skeletons
  Ijyb (D:5)
  An iguana (D:5)
  3 worker ants
  A hound skeleton (D:2)
  7 gnolls
  9 adders
  An ooze (D:2)
  2 adder skeletons
  2 worms (D:2)
  A dart slug (D:3)
  3 leopard geckos (D:4)
  5 orcs
  7 giant cockroaches
  5 goblins
  6 hobgoblins
  8 jackals
  4 quokkas
  A ball python (D:2)
  6 bats
  7 frilled lizards
  5 kobolds
  A leopard gecko skeleton (D:5)
  9 rats
109 creatures vanquished.

Notes
Turn   | Place    | Note
-------+----------+-------------------------------------------
     0 | D:1      | eccles the Human Conjurer began the quest for the Orb.
     0 | D:1      | Reached XP level 1. HP: 13/13 MP: 3/3
   306 | D:1      | Reached XP level 2. HP: 7/19 MP: 0/5
   795 | D:1      | Learned a level 2 spell: Searing Ray
  1347 | D:1      | Reached XP level 3. HP: 7/25 MP: 0/6
  1364 | D:1      | Learned a level 3 spell: Dazzling Spray
  1915 | D:2      | Reached skill level 1 in Fighting
  1915 | D:2      | Reached XP level 4. HP: 14/32 MP: 2/7
  2741 | D:2      | Reached XP level 5. HP: 37/37 MP: 3/9
  3279 | D:3      | Reached skill level 1 in Throwing
  3343 | D:3      | Noticed an ogre
  3350 | D:3      | Reached skill level 5 in Conjurations
  3355 | D:3      | Killed an ogre
  3355 | D:3      | Reached XP level 6. HP: 43/43 MP: 2/11
  4235 | D:4      | Reached XP level 7. HP: 41/49 MP: 6/13
  4530 | D:4      | Got a fine dagger
  4531 | D:4      | Identified the cursed +2 dagger "Orong" {drain, rN+} (You
                  | found it on level 4 of the Dungeon)
  4721 | D:4      | Learned a level 4 spell: Iskenderun's Mystic Blast
  5078 | D:5      | Entered Level 5 of the Dungeon
  5078 | D:5      | Noticed Ijyb
  5082 | D:5      | Killed Ijyb
  5151 | D:5      | Reached skill level 1 in Armour
  5151 | D:5      | Reached skill level 6 in Conjurations
  5299 | D:5      | Got a steaming ring mail
  5310 | D:5      | Identified the +2 ring mail of Ahoshrud {rF+ rN+} (You
                  | found it on level 5 of the Dungeon)
  5450 | D:5      | Reached XP level 8. HP: 52/56 MP: 0/14
  5753 | D:5      | Learned a level 4 spell: Force Lance
  5858 | D:5      | Reached skill level 5 in Spellcasting
  5893 | D:5      | Found Kaewatel's Antique Armour Shoppe.
  6133 | D:5      | Noticed Sigmund
  6141 | D:5      | Killed Sigmund
  6242 | D:5      | Shot with an arrow by a centaur

Skill      XL: |  1  2  3  4  5  6  7  8 |
---------------+-------------------------+-----
Fighting       | 1 2 |  2.1
Spellcasting   | 3 4 5 |  5.5
Throwing       | 1 |  1.4
Conjurations   | 5 6 |  6.7
Armour         | 1 2 |  2.4
Dodging        | 3 |  3.7
Maces & Flails | |  0.5
Stealth        | |  2.9
Unarmed Combat | |  0.3

Action                   |  1- 3 |  4- 6 |  7- 9 || total
-------------------------+-------+-------+-------++-------
Melee: Unarmed           |    22 |       |       ||    22
       Mace              |     1 |     6 |       ||     7
       Staff             |       |       |    24 ||    24
Throw: Javelin           |    24 |    12 |     2 ||    38
 Cast: Magic Dart        |    47 |    94 |    98 ||   239
       Searing Ray       |       |     6 |    11 ||    17
Evoke: Wand              |       |       |     1 ||     1
  Use: Scroll            |       |     4 |     3 ||     7
 Stab: Sleeping          |     1 |       |       ||     1
  Eat: Chunk             |     2 |     6 |     6 ||    14
       Ration            |     1 |       |       ||     1
Armor: Robe              |    21 |     7 |       ||    28
       Leather armour    |       |     8 |    32 ||    40
Dodge: Dodged            |    72 |    49 |    58 ||   179
